 Dungeon Crawl Stone Soup version 0.21-a0-531-gacddea6 (webtiles) character file.

135 Gerstahl the Slasher (level 5, -1/43 HPs)
             Began as a Merfolk Gladiator on Dec 13, 2017.
             Slain by Grinder (4 damage)
             ... while paralysed by Grinder
             ... on level 3 of the Dungeon.
             The game lasted 00:01:47 (1619 turns).

Gerstahl the Slasher (Merfolk Gladiator)            Turns: 1619, Time: 00:01:48

Health: -1/43      AC:  4    Str: 12 (15) XL:     5   Next: 18%
Magic:  5/5        EV:  2    Int:  4 (7)  God:
Gold:   66         SH:  0    Dex: 14 (16) Spells: 4/4 levels left

rFire    . . .     SeeInvis .   a - +0 long sword
rCold    . . .     Gourm    .   (no shield)
rNeg     . . .     Faith    .   b - +0 leather armour
rPois    .         Spirit   .   c - +0 helmet
rElec    .         Reflect  .   (no cloak)
rCorr    .         Harm     .   (no gloves)
MR       .....                  (no boots)
Stlth    +.........             (no amulet)
HPRegen  0.14/turn              (no ring)
MPRegen  0.09/turn              (no ring)

@: paralysed, flying (expiring)
A: change form in water, swift swim, stealthy swim
a: no special abilities


You were on level 3 of the Dungeon.
You were not hungry.

You visited 1 branch of the dungeon, and saw 3 of its levels.

You collected 66 gold pieces.

Inventory:

Hand Weapons
 a - a +0 long sword (weapon)
Armour
 b - a +0 leather armour (worn)
 c - a +0 helmet (worn)
Jewellery
 n - an uncursed ring of protection from cold {unknown}
 o - an uncursed ring of poison resistance {unknown}
Scrolls
 e - 3 scrolls of remove curse {unknown}
 g - a scroll of fog {unknown}
 k - 5 scrolls of identify {unknown}
 m - 5 scrolls of enchant armour {unknown}
Potions
 h - 2 potions of degeneration
Comestibles
 f - 2 bread rations
 j - a fruit


   Skills:
 + Level 4.3 Fighting
 + Level 5.0 Long Blades
 - Level 2.0 Throwing
 - Level 4.0 Dodging


You had 4 spell levels left.
You didn't know any spells.

Dungeon Overview and Level Annotations

Branches:
Dungeon (3/15)

Altars:

Annotations:
D:3 Grinder


Message History

You hit Grinder.
Grinder is almost dead.
Grinder gestures at you.
You barely resist.
There are no items here.
You barely miss Grinder.
Grinder is almost dead.
Grinder gestures at you.
You suddenly lose the ability to move!
Grinder gestures at you.
You shrug off the repeated paralysis!
You are starting to lose your buoyancy.
Grinder hits you but does no damage.
Grinder blinks!
Grinder hits you!
* * * LOW HITPOINT WARNING * * *
You writhe in agony.
* * * LOW HITPOINT WARNING * * *
Grinder hits you.
You die...

### #..
#############
#.#
#(@5.....(..#
#.#
#.#########.#
#.# #.
#.#####<# #.
#.###.#......
#.
#............
..
#.####.....>.
## #.......
.........
####......


You could see Grinder.

Vanquished Creatures
  An orc priest (D:3)
  An orc wizard (D:3)
  A worker ant (D:2)
  An adder (D:3)
  2 oozes
  A dart slug (D:1)
  4 orcs (D:3)
  6 bats
  A giant cockroach (D:3)
  4 goblins
  4 hobgoblins
  2 frilled lizards
  4 kobolds
  5 rats
37 creatures vanquished.

Notes
Turn   | Place    | Note
-------+----------+-------------------------------------------
     0 | D:1      | Gerstahl the Merfolk Gladiator began the quest for the Orb.
     0 | D:1      | Reached XP level 1. HP: 16/16 MP: 1/1
   149 | D:1      | Reached XP level 2. HP: 22/23 MP: 2/2
   727 | D:2      | Reached XP level 3. HP: 29/29 MP: 3/3
   821 | D:2      | Reached skill level 4 in Long Blades
  1133 | D:3      | Reached XP level 4. HP: 36/36 MP: 4/4
  1202 | D:3      | Reached XP level 5. HP: 11/42 MP: 5/5
  1509 | D:3      | Reached skill level 5 in Long Blades
  1552 | D:3      | Noticed Grinder
  1615 | D:3      | Paralysed by Grinder for 6 turns
  1619 | D:3      | Slain by Grinder

Vault maps used:
D:1:      evilmike_arrival_crescent
D:3:      nicolae_qazlal_eye_of_the_storm, uniq_grinder

Skill      XL: |  1  2  3  4  5 |
---------------+----------------+-----
Fighting       | 3 4 |  4.3
Long Blades    | 4 5 |  5.0
Throwing       | |  2.0
Dodging        | |  4.0

Action                   |  1- 3 |  4- 6 || total
-------------------------+-------+-------++-------
Melee: Long sword        |    45 |    70 ||   115
Throw: Throwing net      |       |     9 ||     9
  Use: Potion            |       |     3 ||     3
 Stab: Sleeping          |     1 |       ||     1
       Held in net/web   |       |     1 ||     1
  Eat: Chunk             |       |     2 ||     2
Armor: Leather armour    |     5 |    15 ||    20
Dodge: Dodged            |    47 |    32 ||    79
       Rpst.: Long sword |    15 |     8 ||    23

Table legend:
 A = Spawn XP
 B = Non-spawn XP
 C = Spawn XP percentage of total XP
 D = Spawn monster count
 E = Non-spawn monster count
 F = Spawn count percentage of total count
 G = Total turns spent on level
                    A         B        C        D         E        F      G
               +---------+---------+-------+---------+---------+-------+---------
         Total |       0 |     194 |   0.0 |       0 |      37 |   0.0 |  1619
               +---------+---------+-------+---------+---------+-------+---------
           D:1 |       0 |      32 |   0.0 |       0 |      16 |   0.0 |   703
           D:2 |       0 |      49 |   0.0 |       0 |       8 |   0.0 |   426
           D:3 |       0 |     113 |   0.0 |       0 |      13 |   0.0 |   490
               +---------+---------+-------+---------+---------+-------+---------
